 Dungeon Crawl Stone Soup version 0.31-a0-344-gd109795599 (webtiles) character file.

Game seed: 10280095665160407954

1341 LeprechaunX the Grappler (level 8, -7/48 HPs)
             Began as an Octopode Shapeshifter on July 21, 2023.
             Mangled by an ice beast (14 damage)
             ... on level 6 of the Dungeon.
             The game lasted 00:07:42 (5119 turns).

LeprechaunX the Grappler (Octopode Shapeshifter)    Turns: 5119, Time: 00:07:42

Health: -7/48      AC:  1    Str: 16    XL:     8   Next: 62%
Magic:  8/8        EV: 13    Int: 10    God:
Gold:   223        SH:  0    Dex: 13    Spells: 7/7 levels left

rFire   . .          .
                       - Unarmed
rCold   . . .        (no shield)
rNeg    + . .        (helmet currently unavailable)
rPois   +            (no amulet)
rElec   .            e - ring of positive energy
rCorr   .            h - ring of poison resistance
SInv    .            (no ring)
Will    .....        (no ring)
Stlth   ++           (no ring)
HPRegen 0.28/turn    (no ring)
MPRegen 0.11/turn    (no ring)
                     (no ring)

%: no passive effects
@: beast-form
A: beast (slay +3), almost no armour, amphibious, 8 rings, camouflage 1,
gelatinous body 1, (nimble swimmer 1), tentacles
a: Begin Untransformation


You were on level 6 of the Dungeon.
You were a hulking beast.
You visited 1 branch of the dungeon, and saw 6 of its levels.

You collected 223 gold pieces.

Inventory:

Hand Weapons
 a - the +0 sling of the Neverending Teeth {drain, Drain rC++ Str+4 Stlth+}
   (You found it on level 5 of the Dungeon)

   Str:       It affects your strength (+4).
   rC:        It greatly protects you from cold.
   Drain:     It drains your maximum health when unequipped.
   Stlth:     It makes you more stealthy.
Missiles
 c - 4 silver javelins (quivered)
Jewellery
 e - a ring of positive energy (left tentacle)
 h - a ring of poison resistance (right tentacle)
Talismans
 b - a beast talisman
Wands
 n - a wand of charming (8)
 t - a wand of flame (22)
Scrolls
 f - 4 scrolls of identify {unknown}
 j - a scroll of immolation {unknown}
 l - a scroll of revelation {unknown}
 o - a scroll of summoning {unknown}
 p - a scroll of enchant weapon {unknown}
 u - 2 scrolls of noise {unknown}
 v - a scroll of enchant armour {unknown}
Potions
 d - a potion of heal wounds {unknown}
 g - 2 potions of attraction {unknown}
 i - a potion of haste {unknown}
 k - 2 potions of magic {unknown}
 m - a potion of curing {unknown}
 q - a potion of lignification
 r - a potion of degeneration {unknown}
 s - 2 potions of enlightenment {unknown}


   Skills:
 - Level 1.0 Fighting
 + Level 2.9 Ranged Weapons
 - Level 2.0 Dodging
 * Level 8.5 Unarmed Combat
 + Level 5.5 Shapeshifting


You had 7 spell levels left.
You didn't know any spells.
Your spell library contained the following spells:

 Spells                   Type           Power      Damage    Failure   Level
 Apportation              Tloc           0%         N/A       36%         1
 Necrotise                Necr           0%         1d4       36%         1
 Summon Small Mammal      Summ           0%         N/A       36%         1
 Sublimation of Blood     Necr           0%         N/A       50%         2
 Petrify                  Tmut/Erth      0%         N/A       98%         4
 Irradiate                Conj/Tmut      0%         3d11      100%        5


Dungeon Overview and Level Annotations

Branches:
Dungeon (6/15)
 Temple: D:4-7

Altars:
Dithmenos
Gozag
Makhleb
Sif Muna
The Shining One


Innate Abilities, Weirdness & Mutations

You are a hulking beast.
Your limbs bulge with bestial killing power. (Slay +3)
You cannot wear most types of armour.
You are amphibious.
You can wear up to eight rings at the same time.
Your skin changes colour to match your surroundings (Stealth+).
Your rubbery body absorbs attacks. (AC +1, EV +1)
((You are camouflaged when in or above water. (Stealth+)))
You have tentacles for arms and can constrict up to eight enemies at once.


Message History

A scorpion is nearby!
A scorpion is nearby!
You see here a scroll labelled OKEFETICO.
The helpless scorpion fails to defend itself.
You bludgeon the scorpion! Your grab misses the scorpion.
The scorpion is almost dead.
The scorpion stings you.
You tentacle-slap the scorpion but do no damage.
You grab the scorpion.
The scorpion is almost dead.
You constrict the scorpion.
You kill the scorpion!
No target in view!
No target in view!
HP restored.
v - a scroll labelled OKEFETICO An ice beast comes into view.
An ice beast is nearby!
An ice beast is nearby!
An ice beast is nearby!
You closely miss the ice beast. The ice beast hits you.
The ice beast freezes you!
You completely miss the ice beast.
Your tentacle-slap misses the ice beast.
You squeeze the ice beast.
The ice beast is lightly wounded.
The ice beast hits you. The ice beast freezes you!
You are too injured to fight recklessly!
You are too injured to fight recklessly!
You are too injured to fight recklessly!
You tentacle-slap the ice beast.
The ice beast is lightly wounded.
The ice beast hits you. The ice beast freezes you!
* * * LOW HITPOINT WARNING * * *
You tentacle-slap the ice beast. Your squeeze misses the ice beast.
The ice beast is moderately wounded.
The ice beast hits you.
* * * LOW HITPOINT WARNING * * *
The ice beast freezes you!
You die...

# #### #.
...#### ..
.....##
...#.#.#.#.#
......Y....##
.#.#.#h#:#.#
............##
.#.#.#.#.#.#.#
...........##
#.#.#.#.#.#.#.#
.............##
#.#.#.#.#.#.#
..........#
.#.#.#.#†.#


You could see an ice beast.

Vanquished Creatures
  A water moccasin (D:5)
  An ice beast (D:5)
  2 ogres
  4 scorpions
  3 hounds (D:5)
  4 orc priests
  A jelly (D:4)
  A gnoll bouda (D:5)
  Jessica (D:3)
  Natasha (D:3)
  Terence (D:2)
  2 iguanas
  An orc wizard (D:4)
  A sleepcap (D:4)
  11 gnolls
  9 adders
  A white imp (D:5)
  An ufetubus (D:5)
  A worm (D:4)
  2 dart slugs
  11 orcs
  6 ball pythons
  4 bats
  4 endoplasms
  5 giant cockroaches
  8 goblins
  3 hobgoblins
  2 jackals (D:1)
  5 quokkas
  2 frilled lizards (D:1)
  9 kobolds
  8 rats
116 creatures vanquished.

Notes
Turn   | Place    | Note
-------+----------+-------------------------------------------
     0 | D:1      | LeprechaunX the Octopode Shapeshifter began the quest for
                  | the Orb.
     0 | D:1      | Reached XP level 1. HP: 13/13 MP: 1/1
    80 | D:1      | Reached XP level 2. HP: 14/18 MP: 2/2
   360 | D:1      | Reached XP level 3. HP: 21/23 MP: 3/3
   916 | D:2      | Reached skill level 4 in Unarmed Combat
  1070 | D:2      | Reached XP level 4. HP: 28/28 MP: 4/4
  1222 | D:2      | Noticed Terence
  1231 | D:2      | Killed Terence
  1636 | D:3      | Found a faded altar of an unknown god.
  1637 | D:3      | Noticed Natasha
  1734 | D:3      | Reached XP level 5. HP: 29/33 MP: 5/5
  1736 | D:3      | Reached skill level 5 in Unarmed Combat
  2008 | D:3      | Reached XP level 6. HP: 23/38 MP: 6/6
  2276 | D:3      | Found a shimmering blue altar of Sif Muna.
  2296 | D:3      | Noticed Jessica
  2306 | D:3      | Killed Jessica
  2467 | D:3      | Found a glowing golden altar of the Shining One.
  2475 | D:3      | Killed Natasha
  2799 | D:4      | Reached skill level 6 in Unarmed Combat
  2894 | D:4      | Found a shadowy altar of Dithmenos.
  3264 | D:4      | Reached XP level 7. HP: 16/43 MP: 7/7
  3535 | D:4      | Reached skill level 7 in Unarmed Combat
  3864 | D:5      | Entered Level 5 of the Dungeon
  3943 | D:5      | Identified the +0 sling of the Neverending Teeth {drain,
                  | Drain rC++ Str+4 Stlth+}
  4032 | D:5      | Found a burning altar of Makhleb.
  4057 | D:5      | Reached skill level 1 in Ranged Weapons
  4057 | D:5      | Reached skill level 5 in Shapeshifting
  4168 | D:5      | Reached XP level 8. HP: 12/48 MP: 8/8
  4337 | D:5      | Found an opulent altar of Gozag.
  4671 | D:5      | Reached skill level 8 in Unarmed Combat
  5119 | D:6      | Mangled by an ice beast

Illustrated notes

Levels and vault maps discovered:
D:1:      minmay_arrival_shoal_huts, layout_basic
D:2:      layout_basic, uniq_terence
D:3:      layout_loops_ring, mainiacjoe_overflow_chevrons,
          nicolae_sif_muna_condensation, nicolae_ecumenical_oubliette,
          minivault_25, uniq_natasha, uniq_jessica
D:4:      layout_loops_cross, nicolae_dithmenos_shadow_blocks
D:5:      layout_cave_pools, grunt_gozag_breadcrumbs,
          mainiacjoe_overflow_brackets
D:6:      layout_basic, nicolae_yredelemnul_ghost_church,
          grunt_qazlal_sundering, hex_medium, st_stairs_3

Skill      XL: |  1  2  3  4  5  6  7  8 |
---------------+-------------------------+-----
Unarmed Combat | 4 5 6 7 8 |  8.5
Shapeshifting  | 4 5 |  5.5
Ranged Weapons | 1 2 |  2.9
Fighting       | |  1.0
Dodging        | |  2.0

Action                     |  1- 3 |  4- 6 |  7- 9 || total
---------------------------+-------+-------+-------++-------
  Melee: Unarmed           |    62 |    91 |    83 ||   236
         Constrict         |    17 |    24 |    21 ||    62
         Tentacles         |    10 |    20 |    20 ||    50
         Punch             |     1 |     4 |     1 ||     6
  Throw: Javelin           |       |       |     2 ||     2
   Stab: Sleeping          |     5 |     5 |     3 ||    13
         Distracted        |       |     1 |       ||     1
 Armour: Skin              |     7 |     3 |     2 ||    12
  Dodge: Dodged            |    31 |    51 |    44 ||   126

Table legend: (Time is in decaauts)
 A = Elapsed time spent in this place.
 B = Non-inter-level travel time spent in this place.
 C = Inter-level travel time spent in this place.
 D = Time resting spent in this place.
 E = Time spent auto-exploring this place.
 F = Levels seen in this place.
 G = Mean time per level.
                   A        B        C        D        E       F      G
               +--------+--------+--------+--------+--------+-----+--------+
         Total |   5093 |   4677 |    416 |    634 |   3263 |   6 |  848.8 |
       Dungeon |   5093 |   4677 |    416 |    634 |   3263 |   6 |  848.8 |
               +--------+--------+--------+--------+--------+-----+--------+

Top non-repeatable levels by time:
     D:5: 1203 daAuts
     D:3: 1107 daAuts
     D:4: 1070 daAuts
     D:1: 838 daAuts
     D:2: 832 daAuts
     D:6: 41 daAuts
